 Dungeon Crawl Stone Soup version 0.29.1-1-gd02db6906a (console) character file.

Game seed: 5281319116755669144

20 erker the Sneak (level 2, 0/17 HPs)
             Began as an Octopode Earth Elementalist on Oct 8, 2022.
             Succumbed to a kobold's poison
             ... on level 1 of the Dungeon.
             The game lasted 00:01:47 (463 turns).

erker the Sneak (Octopode Earth Elementalist)        Turns: 463, Time: 00:01:48

Health: 0/17       AC:  1    Str:  7    XL:     2   Next: 79%
Magic:  4/5        EV: 13    Int: 17    God:
Gold:   24         SH:  0    Dex: 12    Spells: 2/5 levels left

rFire   . . .      SeeInvis .   b - +0 dagger
rCold   . . .      Faith    .   (no shield)
rNeg    . . .      Spirit   .   (helmet restricted)
rPois   .          Reflect  .   (no amulet)
rElec   .          Harm     .   (no ring)
rCorr   .          Rampage  .   (no ring)
Will    .....                   (no ring)
Stlth   +++.......              (no ring)
HPRegen 0.05/turn               (no ring)
MPRegen 0.09/turn               (no ring)
                                (no ring)
                                (no ring)

@: lethally poisoned (0 -> -25)
A: almost no armour, amphibious, 8 rings, camouflage 1, gelatinous body 1,
(nimble swimmer 1), tentacles
a: no special abilities


You were on level 1 of the Dungeon.
You visited 1 branch of the dungeon, and saw 1 of its levels.

You collected 24 gold pieces.

Inventory:

Hand Weapons
 b - a +0 dagger (weapon)
Scrolls
 d - a scroll of fear {unknown}
Potions
 a - a potion of magic
 c - a potion of resistance {unknown}


   Skills:
 - Level 2.0 Dodging
 - Level 4.0 Stealth
 - Level 2.0 Spellcasting
 + Level 1.4 Transmutations
 + Level 3.2 Earth Magic


You had 2 spell levels left.
You knew the following spells:

 Your Spells              Type           Power      Damage    Failure   Level
a - Sandblast             Erth           24%        2d8       5%          1
w - Passwall              Tmut/Erth      7%         N/A       12%         2

Your spell library contained the following spells:

 Spells                   Type           Power      Damage    Failure   Level
 Stone Arrow              Conj/Erth      14%        3d7       30%         3
 Petrify                  Tmut/Erth      9%         N/A       58%         4


Dungeon Overview and Level Annotations

Branches:
Dungeon (1/15)

Altars:


Innate Abilities, Weirdness & Mutations

You cannot wear most types of armour.
You are amphibious.
You can wear up to eight rings at the same time.
Your skin changes colour to match your surroundings (Stealth+).
Your rubbery body absorbs attacks. (AC +1, EV +1)
((You are camouflaged when in or above water. (Stealth+)))
You have tentacles for arms and can constrict up to eight enemies at once.


Message History

The rat closely misses you.
You hit the rat.
You kill the rat!
You see here a rat corpse.
You hit the dart slug. You grab the dart slug.
The dart slug is lightly wounded.
You constrict the dart slug. The dart slug launches a dart at you.
The slug dart misses you.
You completely miss the dart slug.
The dart slug is moderately wounded.
You constrict the dart slug. The dart slug launches a dart at you.
The slug dart misses you.
You hit the dart slug but do no damage.
The dart slug is moderately wounded.
You constrict the dart slug. You hit the dart slug.
The dart slug is severely wounded.
You constrict the dart slug. The dart slug completely misses you.
The kobold throws a stone.
The stone misses you.
You hit the dart slug. You squeeze the dart slug.
You kill the dart slug!
You closely miss the kobold. Your grab misses the kobold.
The kobold hits you with a +0 short sword of venom.
You are lethally poisoned!
You hit the kobold but do no damage. You grab the kobold.
You constrict the kobold.
You feel very sick.
The kobold hits you with a +0 short sword of venom.
You are more poisoned.
You are too injured to fight recklessly!
Casting: Sandblast (safe; 5% risk of failure)
Confirm with . or Enter, or press ? or * to list all spells.
Aiming: Sandblast (safe; 5% risk of failure)
Press: ? - help, Shift-Dir - straight line, f - kobold
Aim: a kobold, wielding a +0 short sword of venom and quivering stones (moderately wounded, constricted by you, 98% to hit)
The blast of sand hits the kobold.
You kill the kobold!
You die...

#........##.###.
##.......##(# #.
##..........# #. ..
##..........)).###. #.##
#...##......##...#.
..>.##.## #......####..#
.......####.........##.#
..............#####.##.#
#..)@...............†
####....#.########...#..
...........# ###.###
####.#...#.# #.# #
...##....## #.### #.#
#..##).### #..># #.
#..###....########.# #
...# ##.............
#### ##############


There were no monsters in sight!

Vanquished Creatures
  A dart slug (D:1)
  3 hobgoblins (D:1)
  3 quokkas (D:1)
  2 ball pythons (D:1)
  A bat (D:1)
  2 frilled lizards (D:1)
  4 goblins (D:1)
  3 kobolds (D:1)
  A rat (D:1)
20 creatures vanquished.

Notes
Turn   | Place    | Note
-------+----------+-------------------------------------------
     0 | D:1      | erker the Octopode Earth Elementalist began the quest for
                  | the Orb.
     0 | D:1      | Reached XP level 1. HP: 11/11 MP: 3/3
    42 | D:1      | Reached skill level 3 in Stealth
   184 | D:1      | Reached XP level 2. HP: 17/17 MP: 0/5
   187 | D:1      | Learned a level 2 spell: Passwall
   265 | D:1      | Reached skill level 4 in Stealth
   341 | D:1      | Found a faded altar of an unknown god.
   463 | D:1      | Succumbed to a kobold's poison

Illustrated notes

Levels and vault maps discovered:
D:1:      dpeg_arrival_ternary, layout_rooms,
          hellmonk_ecumenical_altar_pennies_from_heaven

Skill      XL: |  1  2 |
---------------+-------+-----
Stealth        | 3 4 |  4.0
Dodging        | |  2.0
Spellcasting   | |  2.0
Transmutations | |  1.4
Earth Magic    | |  3.2

Action                   || total
-------------------------++-------
Melee: Unarmed           ||     8
       Constrict         ||     5
       Tentacles         ||     3
       Dagger            ||    12
 Cast: Sandblast         ||    18
Armor: Skin              ||     3
Dodge: Dodged            ||    21
